Knights vs Carnivores
Created - April 10, 2018 at 19:00
Goals
|
Knights |
2 |
1 |
0 |
3 |
Carnivores |
1 |
1 |
0 |
2 |
|
Shots
|
Knights |
13 |
13 |
5 |
31 |
Carnivores |
12 |
16 |
5 |
33 |
|
1st period
1. Knights , Jimmy Hayes 46 (Jared Spurgeon 34, Noel Acciari 28) at 6:10
2. Carnivores , Brendan Gallagher 40 (Anton Gustafsson 53, Steve Begin 21) at 11:47
3. Knights , Noel Acciari 22 (Jared Spurgeon 35, Jimmy Hayes 38) at 14:31
Penalties :
Stefan Matteau (Lon) for High sticking (Minor) at 6:51, Jacob Trouba (Lon) for Roughing (Minor) at 15:55, Jaccob Slavin (Lon) for Hooking (Minor) at 19:50
2nd period
4. Knights , Scott Wilson 10 (Jaccob Slavin 20, Brendan Gaunce 12) at 7:28
5. Carnivores , Steve Begin 18 (Anton Gustafsson 54, Joe Corvo 8) at 19:26 (PP)
Penalties :
Joe Corvo (Bre) for Holding (Minor) at 10:04, Cody Bass (Lon) for Boarding (Minor) at 17:38
3rd period
No Goal
Penalties :
Jimmy Hayes (Lon) for Roughing (Minor) at 5:36, Jared Spurgeon (Lon) for Slashing (Minor) at 12:33, Mat Clark (Bre) for Cross-checking (Minor) at 18:13
Goalie Stats
Magnus Hellberg (Lon), 31 saves from 33 shots - (0.939), W, 11-5-2, 60:00 minutes
Mike McKenna (Bre), 28 saves from 31 shots - (0.903), L, 16-10-4, 60:00 minutes
Players Stats for Knights
Player Name G A P +/- PIM S H SB GA TA FO MP PP MP PK MP
------------------------------------------------------------------------------------
A.J. Jenks 0 0 0 2 0 3 1 0 0 0 1/1 13:05 0:53 0:00
Brendan Gaunce 0 1 1 1 0 1 1 0 0 0 0/3 6:27 0:00 0:10
Cody Bass 0 0 0 0 2 5 2 0 0 0 10/27 21:02 2:07 4:30
Jaccob Slavin 0 1 1 1 2 1 0 0 0 0 0/0 13:13 1:59 0:00
Jacob Trouba 0 0 0 -1 2 1 0 0 1 0 0/0 21:24 1:59 4:32
Jared Spurgeon 0 2 2 2 2 1 1 0 0 2 0/0 26:33 1:24 5:46
Jimmy Hayes 1 1 2 2 2 5 2 0 0 0 0/1 15:55 0:53 2:11
Jordan Martinook 0 0 0 -1 0 1 1 0 0 0 1/1 10:00 0:00 0:26
Kevin Hayes 0 0 0 0 0 2 1 0 1 1 1/3 16:28 2:07 0:00
Linden Vey 0 0 0 -1 0 1 1 0 1 0 0/0 11:03 0:40 0:00
Michael Matheson 0 0 0 1 0 0 1 0 0 0 0/0 12:55 0:22 1:41
Michael Raffl 0 0 0 0 0 1 0 1 0 2 1/1 22:28 2:08 5:37
Noel Acciari 1 1 2 2 0 3 3 1 0 2 6/12 19:21 1:09 5:47
Scott Wilson 1 0 1 1 0 2 1 0 0 0 0/0 11:37 0:33 3:29
Stefan Matteau 0 0 0 -1 2 0 3 0 0 0 1/4 11:53 0:14 1:16
Tom Wilson 0 0 0 1 0 1 2 0 0 0 0/0 8:21 0:31 0:00
Tomas Kundratek 0 0 0 2 0 3 0 2 1 1 0/0 26:40 1:24 6:40
Zach Trotman 0 0 0 -1 0 0 0 1 0 1 0/0 19:46 0:22 4:47
Players Stats for Carnivores
Player Name G A P +/- PIM S H SB GA TA FO MP PP MP PK MP
------------------------------------------------------------------------------------
Adam Pelech 0 0 0 -1 0 0 1 0 0 0 0/0 5:58 0:00 0:00
Anton Gustafsson 0 2 2 1 0 3 1 1 0 0 17/28 21:01 7:09 0:59
Blake Geoffrion 0 0 0 -2 0 3 2 0 0 0 1/1 17:29 4:06 0:59
Brendan Gallagher 1 0 1 1 0 7 1 1 2 1 1/1 22:12 7:09 2:00
Colton Orr 0 0 0 -1 0 3 0 0 3 0 0/0 9:59 0:28 0:00
David Schlemko 0 0 0 0 0 0 0 0 0 0 0/0 0:36 0:00 0:09
Jeremy Welsh 0 0 0 0 0 2 1 0 0 0 0/0 11:02 0:28 0:00
Jeremy Williams 0 0 0 0 0 0 2 0 1 0 0/0 11:17 0:00 0:51
Joe Corvo 0 1 1 -1 2 2 1 1 1 0 0/0 23:50 7:33 1:10
Josh Manson 0 0 0 -1 0 1 0 0 0 0 0/0 9:42 0:00 0:09
Markus Granlund 0 0 0 -2 0 0 0 0 0 1 5/11 16:27 4:06 0:00
Mat Clark 0 0 0 -1 2 0 2 1 0 0 0/0 9:05 0:00 0:00
Nate Schmidt 0 0 0 -1 0 1 3 2 0 1 0/0 24:51 7:33 2:20
Nicolas Kerdiles 0 0 0 -1 0 1 0 0 0 0 0/0 9:08 0:00 0:40
Nikita Alexeev 0 0 0 -2 0 0 2 0 0 1 1/3 16:31 4:06 0:00
Ryan Murray 0 0 0 1 0 0 1 1 0 0 0/0 19:29 4:10 1:16
Sasha Pokulok 0 0 0 1 0 0 0 1 0 0 0/0 19:29 4:10 1:16
Scott Laughton 0 0 0 -1 0 2 0 0 0 0 1/1 9:47 0:28 0:00
Steve Begin 1 1 2 1 0 6 3 0 2 0 3/4 22:03 7:09 2:01
T.J Brodie 0 0 0 -1 0 1 1 0 0 0 0/0 7:08 0:00 1:10
Zack Smith 0 0 0 0 0 1 0 0 0 0 3/4 9:09 0:00 0:00
3 Stars
1 - Noel Acciari (Lon)
2 - Steve Begin (Bre)
3 - Jimmy Hayes (Lon)
Power Play
Knights - 0 on 2 Attempt(s) - 0.00%
Carnivores - 1 on 6 Attempt(s) - 16.67%
Penalty Kill
Knights - 5 on 6 Attempt(s) - 83.33%
- Score 0 goal in Penalty Kill
Carnivores - 2 on 2 Attempt(s) - 100.00%
- Score 0 goal in Penalty Kill
Team Stat
Knights - Hits : 20 - Faceoff Wins : 21 - Blocked Shots : 5 - Penalty Minutes : 12
Carnivores - Hits : 21 - Faceoff Wins : 32 - Blocked Shots : 8 - Penalty Minutes : 4
Official
Referees : Leggo Mike and StLaurent Francois
Linesman : Andy McElman and Scott Cherrey
Game Notes
No Game Note
Finance
Level 1 -- Attendance: 1429 (71.45%) -- Ticket Income $57,160
Level 2 -- Attendance: 660 (66.00%) -- Ticket Income $13,200
Total Attendance: 2089 (69.63%)
Total Ticket Income: $70,360
Other Income: $3,518
Total Income: $73,878
Knights
5 vs 5 Forward
Center Left Wing Right Wing Time % Phy DF OF
1 Cody Bass Michael Raffl Kevin Hayes 40 1 2 2
2 Noel Acciari A.J. Jenks Jimmy Hayes 30 1 2 2
3 Stefan Matteau Jordan Martinook Linden Vey 20 1 2 2
4 Brendan Gaunce Scott Wilson Tom Wilson 10 1 2 2
5 vs 5 Defense
Defense Defense Time % Phy DF OF
1 Jared Spurgeon Tomas Kundratek 40 1 2 2
2 Zach Trotman Jacob Trouba 32 1 2 2
3 Jaccob Slavin Michael Matheson 20 1 2 2
4 Jacob Trouba Jared Spurgeon 8 1 2 2
PowerPlay Forward
Center Left Wing Right Wing Time % Phy DF OF
1 Cody Bass Michael Raffl Kevin Hayes 60 1 2 2
2 Noel Acciari A.J. Jenks Jimmy Hayes 40 1 2 2
PowerPlay Defense
Defense Defense Time % Phy DF OF
1 Jared Spurgeon Tomas Kundratek 60 1 2 2
2 Jacob Trouba Jaccob Slavin 40 1 2 2
Penalty Kill 4 Players Forward
Center Wing Time % Phy DF OF
1 Cody Bass Michael Raffl 60 1 2 2
2 Noel Acciari Jimmy Hayes 40 1 2 2
Penalty Kill 4 Players Defense
Defense Defense Time % Phy DF OF
1 Jared Spurgeon Tomas Kundratek 60 1 2 2
2 Zach Trotman Jacob Trouba 40 1 2 2
Penalty Kill - 3 Players Forward
Forward Time % Phy DF OF
1 Noel Acciari 60 1 2 2
2 Cody Bass 40 1 2 2
Penalty Kill - 3 Players Defense
Defense Defense Time % Phy DF OF
1 Jared Spurgeon Zach Trotman 60 1 2 2
2 Jacob Trouba Tomas Kundratek 40 1 2 2
4 vs 4 Forward
Center Wing Time % Phy DF OF
1 Cody Bass Michael Raffl 60 1 2 2
2 Noel Acciari Linden Vey 40 1 2 2
4 vs 4 Defense
Defense Defense Time % Phy DF OF
1 Jared Spurgeon Tomas Kundratek 60 1 2 2
2 Jacob Trouba Zach Trotman 40 1 2 2
Last Minutes Offensive
Center Left Wing Right Wing Defense Defense
Cody Bass Michael Raffl Kevin Hayes Jared Spurgeon Tomas Kundratek
Last Minutes Defensive
Center Left Wing Right Wing Defense Defense
Cody Bass Michael Raffl Kevin Hayes Jared Spurgeon Tomas Kundratek
Goaltenders
Starting : Magnus Hellberg
Backup : Ben Scrivens
Extra Forwards
Normal : Tom Wilson, Cody Bass, Michael Raffl - PP : Tom Wilson, Michael Raffl - PK : Michael Raffl
Extra Defensemen
Normal : Jared Spurgeon, Zach Trotman, Jacob Trouba - PP : Jared Spurgeon - PK : Tomas Kundratek, Jacob Trouba
Penalty Shots
Michael Raffl, Noel Acciari, Cody Bass, Tom Wilson, Kevin Hayes
Scratches
Alan Quine (Healthy), Zach Budish (Healthy), Jordan Weal (Healthy), Collin Miller (Healthy), Matt Puempel (Healthy)
David Shields (Healthy), Matthew Benning (Healthy), Matt Grzelcyk (Healthy), Brett Connolly (Healthy), Travis Boyd (Healthy)
Scott Jackson (Healthy), Nikita Nikitin (Healthy), Connor Knapp (Healthy)
Carnivores
5 vs 5 Forward
Center Left Wing Right Wing Time % Phy DF OF
1 Anton Gustafsson Steve Begin Brendan Gallagher 40 1 2 2
2 Markus Granlund Blake Geoffrion Nikita Alexeev 30 1 2 2
3 Zack Smith Jeremy Welsh Jeremy Williams 20 1 2 2
4 Scott Laughton Nicolas Kerdiles Colton Orr 10 1 2 2
5 vs 5 Defense
Defense Defense Time % Phy DF OF
1 Joe Corvo Nate Schmidt 40 1 2 2
2 Ryan Murray Sasha Pokulok 30 1 2 2
3 Mat Clark Josh Manson 20 1 2 2
4 T.J Brodie Adam Pelech 10 1 2 2
PowerPlay Forward
Center Left Wing Right Wing Time % Phy DF OF
1 Anton Gustafsson Steve Begin Brendan Gallagher 60 1 2 2
2 Markus Granlund Blake Geoffrion Nikita Alexeev 40 1 2 2
PowerPlay Defense
Defense Defense Time % Phy DF OF
1 Joe Corvo Nate Schmidt 60 1 2 2
2 Ryan Murray Sasha Pokulok 40 1 2 2
Penalty Kill 4 Players Forward
Center Wing Time % Phy DF OF
1 Steve Begin Brendan Gallagher 60 1 2 2
2 Anton Gustafsson Blake Geoffrion 40 1 2 2
Penalty Kill 4 Players Defense
Defense Defense Time % Phy DF OF
1 Joe Corvo Nate Schmidt 60 1 2 2
2 Ryan Murray Sasha Pokulok 40 1 2 2
Penalty Kill - 3 Players Forward
Forward Time % Phy DF OF
1 Steve Begin 60 1 2 2
2 Nikita Alexeev 40 1 2 2
Penalty Kill - 3 Players Defense
Defense Defense Time % Phy DF OF
1 Joe Corvo Nate Schmidt 60 1 2 2
2 Ryan Murray Sasha Pokulok 40 1 2 2
4 vs 4 Forward
Center Wing Time % Phy DF OF
1 Steve Begin Nikita Alexeev 60 1 2 2
2 Jeremy Williams Blake Geoffrion 40 1 2 2
4 vs 4 Defense
Defense Defense Time % Phy DF OF
1 Joe Corvo Nate Schmidt 60 1 2 2
2 Ryan Murray Sasha Pokulok 40 1 2 2
Last Minutes Offensive
Center Left Wing Right Wing Defense Defense
Anton Gustafsson Steve Begin Brendan Gallagher Joe Corvo Nate Schmidt
Last Minutes Defensive
Center Left Wing Right Wing Defense Defense
Anton Gustafsson Steve Begin Brendan Gallagher Joe Corvo Nate Schmidt
Goaltenders
Starting : Mike McKenna
Backup : Antti Raanta
Extra Forwards
Normal : Scott Laughton, Jeremy Welsh, Jeremy Williams - PP : Jeremy Welsh, Scott Laughton - PK : Jeremy Williams
Extra Defensemen
Normal : Mat Clark, T.J Brodie, Josh Manson - PP : Mat Clark - PK : T.J Brodie, Josh Manson
Penalty Shots
Steve Begin, Nikita Alexeev, Brendan Gallagher, Blake Geoffrion, Jeremy Welsh
Scratches
Mattias Backman (Healthy), Adam Almquist (Healthy), Stanislav Galiev (Healthy), Mark MacMillan (Healthy), Tyler Graovac (Healthy)
Patrick McNeill (Healthy), Troy Bourke (Healthy), Alexandre Mallet (Healthy), Michael Schumacher (Healthy), Daniel Altshuller (Healthy)
% Time on Ice - Knights
Lines # - Real PCT - Wanted PCT - Time Play
Normal Forward
1 - 35% - 40% - 15:22
2 - 30% - 30% - 13:19
3 - 21% - 20% - 9:34
4 - 14% - 10% - 6:17
Normal Defense
1 - 43% - 40% - 18:57
2 - 33% - 32% - 14:34
3 - 24% - 20% - 10:31
4 - 1% - 8% - 0:30
PP Forward
1 - 69% - 60% - 2:36
2 - 31% - 40% - 1:09
PP Defense
1 - 47% - 60% - 1:46
2 - 53% - 40% - 1:59
PK Forward
1 - 75% - 60% - 8:46
2 - 25% - 40% - 2:57
PK Defense
1 - 59% - 60% - 6:56
2 - 41% - 40% - 4:47
PK3 Forward
1 - 0% - 60%
2 - 0% - 40%
PK3 Defense
1 - 0% - 60%
2 - 0% - 40%
44 Forward
1 - 0% - 60%
2 - 0% - 40%
44 Defense
1 - 0% - 60%
2 - 0% - 40%
Last Minute Offensive - 0:00
Last Minute Defensive - 0:00
Total
Forward - 60:00
Defense - 60:00
|
% Time on Ice - Carnivores
Lines # - Real PCT - Wanted PCT - Time Play
Normal Forward
1 - 31% - 40% - 13:42
2 - 31% - 30% - 13:42
3 - 21% - 20% - 9:09
4 - 18% - 10% - 7:59
Normal Defense
1 - 35% - 40% - 15:25
2 - 32% - 30% - 14:03
3 - 20% - 20% - 9:06
4 - 13% - 10% - 5:58
PP Forward
1 - 65% - 60% - 7:37
2 - 35% - 40% - 4:06
PP Defense
1 - 64% - 60% - 7:33
2 - 36% - 40% - 4:10
PK Forward
1 - 74% - 60% - 2:46
2 - 26% - 40% - 0:59
PK Defense
1 - 66% - 60% - 2:29
2 - 34% - 40% - 1:16
PK3 Forward
1 - 0% - 60%
2 - 0% - 40%
PK3 Defense
1 - 0% - 60%
2 - 0% - 40%
44 Forward
1 - 0% - 60%
2 - 0% - 40%
44 Defense
1 - 0% - 60%
2 - 0% - 40%
Last Minute Offensive - 0:00
Last Minute Defensive - 0:00
Total
Forward - 60:00
Defense - 60:00
|
Play by Play
1st period
0:01 of 1st period - Anton Gustafsson wins face-off versus Kevin Hayes in neutral zone.
0:12 of 1st period - Snap shot by Brendan Gallagher.
0:12 of 1st period - Stopped by Magnus Hellberg without a rebound.
0:13 of 1st period - Nikita Alexeev wins face-off versus Noel Acciari in Knights zone.
0:19 of 1st period - Wrist shot by Nikita Alexeev.
0:19 of 1st period - Shot Misses the Net.
1:05 of 1st period - Jacob Trouba is hit by Steve Begin and loses puck.
1:46 of 1st period - Snap shot by A.J. Jenks.
1:46 of 1st period - Shot Misses the Net.
1:48 of 1st period - Snap shot by Jimmy Hayes.
1:48 of 1st period - Shot Blocked by Nate Schmidt.
1:50 of 1st period - Slapshot by A.J. Jenks.
1:50 of 1st period - Shot Misses the Net.
1:52 of 1st period - Snap shot by Jaccob Slavin.
1:52 of 1st period - Stopped by Mike McKenna with a rebound.
2:19 of 1st period - Nate Schmidt is hit by Jared Spurgeon and loses puck.
2:24 of 1st period - Wrist shot by Cody Bass.
2:24 of 1st period - Stopped by Mike McKenna without a rebound.
2:25 of 1st period - Cody Bass wins face-off versus Anton Gustafsson in Carnivores zone.
2:32 of 1st period - Wrist shot by Cody Bass.
2:32 of 1st period - Shot Blocked by Brendan Gallagher.
2:50 of 1st period - Ryan Murray is hit by Jimmy Hayes and loses puck.
3:26 of 1st period - Jaccob Slavin is hit by T.J Brodie and loses puck.
3:33 of 1st period - Snap shot by Colton Orr.
3:33 of 1st period - Shot Misses the Net.
3:55 of 1st period - Snap shot by Steve Begin.
3:55 of 1st period - Deflect By Brendan Gallagher.
3:55 of 1st period - Stopped by Magnus Hellberg without a rebound.
3:56 of 1st period - Kevin Hayes wins face-off versus Markus Granlund in Knights zone.
4:01 of 1st period - Snap shot by Cody Bass.
4:01 of 1st period - Stopped by Mike McKenna with a rebound.
4:09 of 1st period - Wrist shot by Blake Geoffrion.
4:09 of 1st period - Deflect By Nikita Alexeev.
4:09 of 1st period - Shot Misses the Net.
4:09 of 1st period - Puck is out of play.
4:10 of 1st period - Noel Acciari wins face-off versus Anton Gustafsson in Knights zone.
4:48 of 1st period - Wrist shot by Cody Bass.
4:48 of 1st period - Shot Blocked by Ryan Murray.
5:22 of 1st period - Sasha Pokulok is hit by Tom Wilson and loses puck.
5:27 of 1st period - Wrist shot by Brendan Gaunce.
5:27 of 1st period - Deflect By Scott Wilson.
5:27 of 1st period - Shot Misses the Net.
5:27 of 1st period - Puck is out of play.
5:28 of 1st period - Anton Gustafsson wins face-off versus Cody Bass in Carnivores zone.
5:45 of 1st period - Anton Gustafsson is hit by Cody Bass and loses puck.
6:08 of 1st period - Slapshot by Jared Spurgeon.
6:08 of 1st period - Shot Misses the Net.
6:10 of 1st period - Snap shot by Jimmy Hayes.
6:10 of 1st period - Deflect By Nikita Alexeev.
6:10 of 1st period - Goal by Jimmy Hayes - Knights : 1 - Carnivores : 0.
6:11 of 1st period - Anton Gustafsson wins face-off versus Cody Bass in neutral zone.
6:51 of 1st period - Minor Penalty to Stefan Matteau for High sticking.
6:52 of 1st period - Anton Gustafsson wins face-off versus Cody Bass in Knights zone.
7:03 of 1st period - Snap shot by Steve Begin.
7:03 of 1st period - Shot Blocked by Tomas Kundratek.
7:05 of 1st period - Backhand shot by Joe Corvo.
7:05 of 1st period - Shot Misses the Net.
7:07 of 1st period - Snap shot by Joe Corvo.
7:07 of 1st period - Shot Misses the Net.
8:36 of 1st period - Tomas Kundratek is hit by Blake Geoffrion.
8:51 of 1st period - Penalty to Stefan Matteau is over, Stefan Matteau is back on ice.
8:58 of 1st period - Linden Vey is hit by Jeremy Welsh.
9:37 of 1st period - Wrist shot by Linden Vey.
9:37 of 1st period - Stopped by Mike McKenna without a rebound.
9:38 of 1st period - Stefan Matteau wins face-off versus Markus Granlund in Carnivores zone.
9:39 of 1st period - Snap shot by Linden Vey.
9:39 of 1st period - Shot Misses the Net.
9:53 of 1st period - Wrist shot by Brendan Gallagher.
9:53 of 1st period - Stopped by Magnus Hellberg without a rebound.
9:54 of 1st period - Cody Bass wins face-off versus Anton Gustafsson in Knights zone.
9:59 of 1st period - Snap shot by Michael Raffl.
9:59 of 1st period - Shot Misses the Net.
10:02 of 1st period - Icing by Nate Schmidt.
10:03 of 1st period - Anton Gustafsson wins face-off versus Cody Bass in Carnivores zone.
10:32 of 1st period - Snap shot by Brendan Gallagher.
10:32 of 1st period - Stopped by Magnus Hellberg with a rebound.
10:34 of 1st period - Wrist shot by Joe Corvo.
10:34 of 1st period - Deflect By Brendan Gallagher.
10:34 of 1st period - Shot Hit the Post.
10:34 of 1st period - Puck is out of play.
10:35 of 1st period - Blake Geoffrion wins face-off versus Cody Bass in Knights zone.
11:03 of 1st period - Icing by Mat Clark.
11:04 of 1st period - Noel Acciari wins face-off versus Zack Smith in Carnivores zone.
11:13 of 1st period - Snap shot by A.J. Jenks.
11:13 of 1st period - Stopped by Mike McKenna with a rebound.
11:15 of 1st period - Slapshot by A.J. Jenks.
11:15 of 1st period - Stopped by Mike McKenna with a rebound.
11:35 of 1st period - Snap shot by Linden Vey.
11:35 of 1st period - Deflect By Jordan Martinook.
11:35 of 1st period - Shot Blocked by Joe Corvo.
11:35 of 1st period - Puck is out of play.
11:36 of 1st period - Anton Gustafsson wins face-off versus Stefan Matteau in Carnivores zone.
11:36 of 1st period - Anton Gustafsson is hit by Stefan Matteau.
11:43 of 1st period - Snap shot by Anton Gustafsson.
11:43 of 1st period - Stopped by Magnus Hellberg with a rebound.
11:45 of 1st period - Snap shot by Brendan Gallagher.
11:45 of 1st period - Shot Misses the Net.
11:47 of 1st period - Wrist shot by Brendan Gallagher.
11:47 of 1st period - Goal by Brendan Gallagher - Knights : 1 - Carnivores : 1.
11:48 of 1st period - Cody Bass wins face-off versus Anton Gustafsson in neutral zone.
11:55 of 1st period - Wrist shot by Kevin Hayes.
11:55 of 1st period - Stopped by Mike McKenna with a rebound.
11:57 of 1st period - Slapshot by Kevin Hayes.
11:57 of 1st period - Shot Blocked by Nate Schmidt.
11:59 of 1st period - Wrist shot by Cody Bass.
11:59 of 1st period - Stopped by Mike McKenna with a rebound.
12:01 of 1st period - Slapshot by Cody Bass.
12:01 of 1st period - Shot Blocked by Anton Gustafsson.
12:03 of 1st period - Slapshot by Jared Spurgeon.
12:03 of 1st period - Stopped by Mike McKenna without a rebound.
12:04 of 1st period - Noel Acciari wins face-off versus Markus Granlund in Carnivores zone.
12:19 of 1st period - Wrist shot by Noel Acciari.
12:19 of 1st period - Stopped by Mike McKenna without a rebound.
12:20 of 1st period - Anton Gustafsson wins face-off versus Cody Bass in Carnivores zone.
12:25 of 1st period - Slapshot by Joe Corvo.
12:25 of 1st period - Stopped by Magnus Hellberg with a rebound.
12:47 of 1st period - Jared Spurgeon is hit by Blake Geoffrion and loses puck.
12:52 of 1st period - Slapshot by Nikita Alexeev.
12:52 of 1st period - Deflect By Blake Geoffrion.
12:52 of 1st period - Shot Misses the Net.
12:52 of 1st period - Puck is out of play.
12:53 of 1st period - Markus Granlund wins face-off versus Noel Acciari in Knights zone.
14:17 of 1st period - Wrist shot by Jeremy Welsh.
14:17 of 1st period - Stopped by Magnus Hellberg without a rebound.
14:18 of 1st period - Scott Laughton wins face-off versus Jimmy Hayes in Knights zone.
14:23 of 1st period - Wrist shot by Joe Corvo.
14:23 of 1st period - Shot Misses the Net.
14:31 of 1st period - Slapshot by Jared Spurgeon.
14:31 of 1st period - Deflect By Noel Acciari.
14:31 of 1st period - Goal by Noel Acciari - Knights : 2 - Carnivores : 1.
14:32 of 1st period - Cody Bass wins face-off versus Anton Gustafsson in neutral zone.
14:58 of 1st period - Michael Raffl is hit by Mat Clark and loses puck.
15:25 of 1st period - Snap shot by Michael Raffl.
15:25 of 1st period - Stopped by Mike McKenna with a rebound.
15:55 of 1st period - Minor Penalty to Jacob Trouba for Roughing.
15:56 of 1st period - Noel Acciari wins face-off versus Anton Gustafsson in Knights zone.
17:19 of 1st period - Icing by Brendan Gallagher.
17:20 of 1st period - Cody Bass wins face-off versus Markus Granlund in Carnivores zone.
17:55 of 1st period - Penalty to Jacob Trouba is over, Jacob Trouba is back on ice.
18:07 of 1st period - Jeremy Welsh is hit by Michael Matheson.
18:15 of 1st period - Zack Smith is hit by Linden Vey and loses puck.
18:32 of 1st period - Ryan Murray is hit by Tom Wilson and loses puck.
18:45 of 1st period - Nicolas Kerdiles is hit by Jimmy Hayes and loses puck.
18:54 of 1st period - Snap shot by Colton Orr.
18:54 of 1st period - Stopped by Magnus Hellberg with a rebound.
18:56 of 1st period - Wrist shot by Colton Orr.
18:56 of 1st period - Shot Blocked by Tomas Kundratek.
19:00 of 1st period - Wrist shot by Colton Orr.
19:00 of 1st period - Stopped by Magnus Hellberg with a rebound.
19:02 of 1st period - Wrist shot by Mat Clark.
19:02 of 1st period - Shot Misses the Net.
19:04 of 1st period - Slapshot by Mat Clark.
19:04 of 1st period - Shot Misses the Net.
19:06 of 1st period - Snap shot by Scott Laughton.
19:06 of 1st period - Stopped by Magnus Hellberg with a rebound.
19:14 of 1st period - Slapshot by T.J Brodie.
19:14 of 1st period - Stopped by Magnus Hellberg with a rebound.
19:26 of 1st period - Snap shot by Jimmy Hayes.
19:26 of 1st period - Shot Misses the Net.
19:28 of 1st period - Snap shot by Jared Spurgeon.
19:28 of 1st period - Deflect By Jimmy Hayes.
19:28 of 1st period - Shot Misses the Net.
19:28 of 1st period - Puck is out of play.
19:29 of 1st period - Cody Bass wins face-off versus Anton Gustafsson in Carnivores zone.
19:50 of 1st period - Minor Penalty to Jaccob Slavin for Hooking.
19:51 of 1st period - Anton Gustafsson wins face-off versus Cody Bass in Knights zone.
19:58 of 1st period - Wrist shot by Steve Begin.
19:58 of 1st period - Shot Misses the Net.
Goals for this period are 2 for Knights vs 1 for Carnivores.
Shots for this period are 13 for Knights vs 12 for Carnivores.
2nd period
0:01 of 2nd period - Anton Gustafsson wins face-off versus Cody Bass in neutral zone.
1:50 of 2nd period - Penalty to Jaccob Slavin is over, Jaccob Slavin is back on ice.
1:56 of 2nd period - Wrist shot by Jeremy Welsh.
1:56 of 2nd period - Stopped by Magnus Hellberg with a rebound.
1:58 of 2nd period - Slapshot by Mat Clark.
1:58 of 2nd period - Shot Blocked by Zach Trotman.
2:00 of 2nd period - Snap shot by Josh Manson.
2:00 of 2nd period - Stopped by Magnus Hellberg without a rebound.
2:01 of 2nd period - Zack Smith wins face-off versus Stefan Matteau in Knights zone.
3:13 of 2nd period - Snap shot by Tomas Kundratek.
3:13 of 2nd period - Deflect By Steve Begin.
3:13 of 2nd period - Stopped by Mike McKenna with a rebound.
3:31 of 2nd period - Zach Trotman is hit by Brendan Gallagher and loses puck.
3:40 of 2nd period - Snap shot by Linden Vey.
3:40 of 2nd period - Shot Misses the Net.
3:42 of 2nd period - Snap shot by Jordan Martinook.
3:42 of 2nd period - Stopped by Mike McKenna without a rebound.
3:43 of 2nd period - Noel Acciari wins face-off versus Nikita Alexeev in Carnivores zone.
4:38 of 2nd period - Slapshot by Tomas Kundratek.
4:38 of 2nd period - Deflect By Sasha Pokulok.
4:38 of 2nd period - Stopped by Mike McKenna with a rebound.
4:48 of 2nd period - Stefan Matteau is hit by Steve Begin and loses puck.
5:33 of 2nd period - Slapshot by Colton Orr.
5:33 of 2nd period - Shot Blocked by Noel Acciari.
5:35 of 2nd period - Wrist shot by Colton Orr.
5:35 of 2nd period - Stopped by Magnus Hellberg with a rebound.
5:37 of 2nd period - Slapshot by Nate Schmidt.
5:37 of 2nd period - Shot Misses the Net.
5:39 of 2nd period - Snap shot by Scott Laughton.
5:39 of 2nd period - Stopped by Magnus Hellberg without a rebound.
5:40 of 2nd period - Anton Gustafsson wins face-off versus Noel Acciari in Knights zone.
5:45 of 2nd period - Slapshot by Anton Gustafsson.
5:45 of 2nd period - Deflect By Steve Begin.
5:45 of 2nd period - Stopped by Magnus Hellberg with a rebound.
5:47 of 2nd period - Wrist shot by Steve Begin.
5:47 of 2nd period - Stopped by Magnus Hellberg with a rebound.
5:53 of 2nd period - Backhand shot by Steve Begin.
5:53 of 2nd period - Shot Misses the Net.
5:55 of 2nd period - Slapshot by Anton Gustafsson.
5:55 of 2nd period - Stopped by Magnus Hellberg without a rebound.
5:56 of 2nd period - Markus Granlund wins face-off versus Cody Bass in Knights zone.
6:03 of 2nd period - Wrist shot by Blake Geoffrion.
6:03 of 2nd period - Stopped by Magnus Hellberg with a rebound.
6:05 of 2nd period - Slapshot by Nate Schmidt.
6:05 of 2nd period - Stopped by Magnus Hellberg with a rebound.
7:10 of 2nd period - Wrist shot by Cody Bass.
7:10 of 2nd period - Stopped by Mike McKenna with a rebound.
7:28 of 2nd period - Slapshot by Jaccob Slavin.
7:28 of 2nd period - Deflect By Scott Wilson.
7:28 of 2nd period - Goal by Scott Wilson - Knights : 3 - Carnivores : 1.
7:29 of 2nd period - Cody Bass wins face-off versus Anton Gustafsson in neutral zone.
7:54 of 2nd period - Markus Granlund is hit by Noel Acciari and loses puck.
8:35 of 2nd period - Wrist shot by Noel Acciari.
8:35 of 2nd period - Stopped by Mike McKenna with a rebound.
8:37 of 2nd period - Wrist shot by Noel Acciari.
8:37 of 2nd period - Shot Misses the Net.
8:39 of 2nd period - Snap shot by Tomas Kundratek.
8:39 of 2nd period - Shot Misses the Net.
9:03 of 2nd period - Wrist shot by Jimmy Hayes.
9:03 of 2nd period - Stopped by Mike McKenna with a rebound.
9:05 of 2nd period - Wrist shot by Jimmy Hayes.
9:05 of 2nd period - Stopped by Mike McKenna with a rebound.
9:13 of 2nd period - Snap shot by A.J. Jenks.
9:13 of 2nd period - Stopped by Mike McKenna with a rebound.
9:15 of 2nd period - Slapshot by Tomas Kundratek.
9:15 of 2nd period - Deflect By Sasha Pokulok.
9:15 of 2nd period - Stopped by Mike McKenna with a rebound.
9:25 of 2nd period - Snap shot by Jimmy Hayes.
9:25 of 2nd period - Stopped by Mike McKenna with a rebound.
9:31 of 2nd period - Wrist shot by Jimmy Hayes.
9:31 of 2nd period - Stopped by Mike McKenna without a rebound.
9:32 of 2nd period - Cody Bass wins face-off versus Anton Gustafsson in Carnivores zone.
9:47 of 2nd period - Snap shot by Steve Begin.
9:47 of 2nd period - Shot Misses the Net.
10:04 of 2nd period - Minor Penalty to Joe Corvo for Holding.
10:05 of 2nd period - Steve Begin wins face-off versus Cody Bass in Carnivores zone.
10:59 of 2nd period - Blake Geoffrion is hit by A.J. Jenks and loses puck.
12:04 of 2nd period - Penalty to Joe Corvo is over, Joe Corvo is back on ice.
12:26 of 2nd period - Stefan Matteau is hit by Nikita Alexeev and loses puck.
14:06 of 2nd period - Wrist shot by Blake Geoffrion.
14:06 of 2nd period - Shot Misses the Net.
14:18 of 2nd period - Brendan Gaunce is hit by Steve Begin and loses puck.
14:46 of 2nd period - Sasha Pokulok is hit by Noel Acciari and loses puck.
15:23 of 2nd period - Adam Pelech is hit by Brendan Gaunce.
15:48 of 2nd period - Snap shot by Nicolas Kerdiles.
15:48 of 2nd period - Stopped by Magnus Hellberg with a rebound.
16:02 of 2nd period - Wrist shot by Tom Wilson.
16:02 of 2nd period - Stopped by Mike McKenna without a rebound.
16:03 of 2nd period - Zack Smith wins face-off versus Brendan Gaunce in Carnivores zone.
16:12 of 2nd period - Wrist shot by Brendan Gaunce.
16:12 of 2nd period - Shot Blocked by Mat Clark.
16:14 of 2nd period - Snap shot by Scott Wilson.
16:14 of 2nd period - Shot Misses the Net.
16:51 of 2nd period - Snap shot by Nikita Alexeev.
16:51 of 2nd period - Shot Misses the Net.
17:03 of 2nd period - Jordan Martinook is hit by Jeremy Williams and loses puck.
17:24 of 2nd period - Jared Spurgeon is hit by Adam Pelech and loses puck.
17:38 of 2nd period - Minor Penalty to Cody Bass for Boarding.
17:39 of 2nd period - Anton Gustafsson wins face-off versus Noel Acciari in Knights zone.
17:49 of 2nd period - Wrist shot by Steve Begin.
17:49 of 2nd period - Stopped by Magnus Hellberg with a rebound.
17:51 of 2nd period - Wrist shot by Brendan Gallagher.
17:51 of 2nd period - Stopped by Magnus Hellberg with a rebound.
17:53 of 2nd period - Slapshot by Nate Schmidt.
17:53 of 2nd period - Deflect By Anton Gustafsson.
17:53 of 2nd period - Shot Blocked by Michael Raffl.
17:53 of 2nd period - Puck is out of play.
17:54 of 2nd period - Anton Gustafsson wins face-off versus Noel Acciari in Knights zone.
17:59 of 2nd period - Wrist shot by Anton Gustafsson.
17:59 of 2nd period - Deflect By Steve Begin.
17:59 of 2nd period - Shot Misses the Net.
17:59 of 2nd period - Puck is out of play.
18:00 of 2nd period - Noel Acciari wins face-off versus Anton Gustafsson in Knights zone.
18:09 of 2nd period - Wrist shot by Steve Begin.
18:09 of 2nd period - Stopped by Magnus Hellberg with a rebound.
18:49 of 2nd period - Snap shot by Scott Wilson.
18:49 of 2nd period - Shot Misses the Net.
18:55 of 2nd period - Zach Trotman is hit by Anton Gustafsson and loses puck.
19:20 of 2nd period - Slapshot by Joe Corvo.
19:20 of 2nd period - Stopped by Magnus Hellberg with a rebound.
19:22 of 2nd period - Slapshot by Steve Begin.
19:22 of 2nd period - Stopped by Magnus Hellberg with a rebound.
19:24 of 2nd period - Snap shot by Anton Gustafsson.
19:24 of 2nd period - Shot Misses the Net.
19:26 of 2nd period - Snap shot by Steve Begin.
19:26 of 2nd period - Goal by Steve Begin - Knights : 3 - Carnivores : 2.
19:27 of 2nd period - Cody Bass wins face-off versus Markus Granlund in neutral zone.
Goals for this period are 1 for Knights vs 1 for Carnivores.
Shots for this period are 13 for Knights vs 16 for Carnivores.
3rd period
0:01 of 3rd period - Anton Gustafsson wins face-off versus Cody Bass in neutral zone.
0:03 of 3rd period - Off-side.
0:04 of 3rd period - Anton Gustafsson wins face-off versus Kevin Hayes in neutral zone.
0:07 of 3rd period - Slapshot by Joe Corvo.
0:07 of 3rd period - Deflect By Anton Gustafsson.
0:07 of 3rd period - Stopped by Magnus Hellberg without a rebound.
0:08 of 3rd period - Anton Gustafsson wins face-off versus Cody Bass in Knights zone.
0:09 of 3rd period - Wrist shot by Brendan Gallagher.
0:09 of 3rd period - Stopped by Magnus Hellberg with a rebound.
0:11 of 3rd period - Wrist shot by Brendan Gallagher.
0:11 of 3rd period - Shot Misses the Net.
0:26 of 3rd period - Icing by Nate Schmidt.
0:27 of 3rd period - Brendan Gallagher wins face-off versus Noel Acciari in Carnivores zone.
0:32 of 3rd period - Jacob Trouba is hit by Nate Schmidt and loses puck.
0:59 of 3rd period - Off-side.
1:00 of 3rd period - A.J. Jenks wins face-off versus Nikita Alexeev in neutral zone.
2:26 of 3rd period - Off-side.
2:27 of 3rd period - Markus Granlund wins face-off versus Brendan Gaunce in neutral zone.
2:32 of 3rd period - Snap shot by Blake Geoffrion.
2:32 of 3rd period - Stopped by Magnus Hellberg with a rebound.
2:40 of 3rd period - Snap shot by Brendan Gaunce.
2:40 of 3rd period - Stopped by Mike McKenna with a rebound.
2:42 of 3rd period - Wrist shot by Scott Wilson.
2:42 of 3rd period - Stopped by Mike McKenna with a rebound.
2:52 of 3rd period - Jacob Trouba is hit by Mat Clark and loses puck.
4:31 of 3rd period - Wrist shot by Zack Smith.
4:31 of 3rd period - Stopped by Magnus Hellberg without a rebound.
4:32 of 3rd period - Zack Smith wins face-off versus Brendan Gaunce in Knights zone.
4:37 of 3rd period - Slapshot by Zack Smith.
4:37 of 3rd period - Shot Misses the Net.
4:39 of 3rd period - Snap shot by Jeremy Williams.
4:39 of 3rd period - Shot Misses the Net.
5:04 of 3rd period - Off-side.
5:05 of 3rd period - Anton Gustafsson wins face-off versus Cody Bass in neutral zone.
5:18 of 3rd period - Nate Schmidt is hit by Kevin Hayes and loses puck.
5:36 of 3rd period - Minor Penalty to Jimmy Hayes for Roughing.
5:37 of 3rd period - Anton Gustafsson wins face-off versus Cody Bass in Knights zone.
6:03 of 3rd period - Nate Schmidt is hit by Noel Acciari and loses puck.
7:36 of 3rd period - Penalty to Jimmy Hayes is over, Jimmy Hayes is back on ice.
7:52 of 3rd period - Slapshot by Michael Matheson.
7:52 of 3rd period - Shot Misses the Net.
10:23 of 3rd period - Wrist shot by Kevin Hayes.
10:23 of 3rd period - Stopped by Mike McKenna without a rebound.
10:24 of 3rd period - Markus Granlund wins face-off versus Cody Bass in Carnivores zone.
11:12 of 3rd period - Off-side.
11:13 of 3rd period - Markus Granlund wins face-off versus Stefan Matteau in neutral zone.
11:20 of 3rd period - Wrist shot by Blake Geoffrion.
11:20 of 3rd period - Shot Misses the Net.
11:22 of 3rd period - Wrist shot by Blake Geoffrion.
11:22 of 3rd period - Stopped by Magnus Hellberg without a rebound.
11:23 of 3rd period - Jordan Martinook wins face-off versus Markus Granlund in Knights zone.
11:23 of 3rd period - Jordan Martinook is hit by Nikita Alexeev.
11:40 of 3rd period - Markus Granlund is hit by Stefan Matteau and loses puck.
11:51 of 3rd period - Ryan Murray is hit by Stefan Matteau and loses puck.
12:01 of 3rd period - Jared Spurgeon is hit by Ryan Murray and loses puck.
12:33 of 3rd period - Minor Penalty to Jared Spurgeon for Slashing.
12:34 of 3rd period - Michael Raffl wins face-off versus Steve Begin in Knights zone.
12:34 of 3rd period - Michael Raffl is hit by Joe Corvo.
12:41 of 3rd period - Slapshot by Jacob Trouba.
12:41 of 3rd period - Shot Misses the Net.
12:43 of 3rd period - Slapshot by Jacob Trouba.
12:43 of 3rd period - Deflect By Joe Corvo.
12:43 of 3rd period - Stopped by Mike McKenna with a rebound.
12:45 of 3rd period - Slapshot by Zach Trotman.
12:45 of 3rd period - Deflect By Cody Bass.
12:45 of 3rd period - Stopped by Mike McKenna without a rebound.
12:46 of 3rd period - Cody Bass wins face-off versus Anton Gustafsson in Carnivores zone.
14:33 of 3rd period - Penalty to Jared Spurgeon is over, Jared Spurgeon is back on ice.
14:56 of 3rd period - Scott Laughton is hit by Jordan Martinook and loses puck.
15:01 of 3rd period - Snap shot by Linden Vey.
15:01 of 3rd period - Shot Blocked by Sasha Pokulok.
17:09 of 3rd period - T.J Brodie is hit by Scott Wilson and loses puck.
18:02 of 3rd period - Tom Wilson is hit by Jeremy Williams and loses puck.
18:13 of 3rd period - Minor Penalty to Mat Clark for Cross-checking.
18:14 of 3rd period - Steve Begin wins face-off versus Cody Bass in Carnivores zone.
18:14 of 3rd period - Steve Begin is hit by Cody Bass.
18:25 of 3rd period - Off-side.
18:26 of 3rd period - Steve Begin wins face-off versus Cody Bass in neutral zone.
18:31 of 3rd period - Snap shot by Brendan Gallagher.
18:31 of 3rd period - Shot Misses the Net.
19:30 of 3rd period - Jimmy Hayes is hit by Nate Schmidt and loses puck.
19:49 of 3rd period - Cody Bass is hit by Nate Schmidt and loses puck.
Goals for this period are 0 for Knights vs 0 for Carnivores.
Shots for this period are 5 for Knights vs 5 for Carnivores.
Back to the Top